 Dungeon Crawl Stone Soup version 0.31.0-11-ge490571c62 (webtiles) character file.

Game seed: 12524892769041857802

40 qw the Shooter (level 3, -10/20 HPs)
             Began as a Deep Elf Hunter on Feb 4, 2024.
             Killed by nerve-wracking pain
             ... invoked by an orc priest
              (12 damage)
             ... on level 2 of the Dungeon.
             The game lasted 00:00:05 (957 turns).

qw the Shooter (Deep Elf Hunter)                     Turns: 957, Time: 00:00:05

Health: -10/20     AC:  3    Str: 10    XL:     3   Next: 30%
Magic:  5/5        EV: 12    Int: 13    God:
Gold:   50         SH:  0    Dex: 18    Spells: 2/2 levels left

rFire   . . .        a - +0 shortbow
rCold   . . .        (shield currently unavailable)
rNeg    . . .        c - +0 leather armour
rPois   .            (no helmet)
rElec   .            (no cloak)
rCorr   .            (no gloves)
SInv    .            (no boots)
Will    .....        (no amulet)
Stlth   ++           (no ring)
HPRegen 0.23/turn    (no ring)
MPRegen 0.09/turn

%: no passive effects
@: about to teleport
A: no striking features
a: no special abilities


You were on level 2 of the Dungeon.
You visited 1 branch of the dungeon, and saw 2 of its levels.

You collected 50 gold pieces.


   Skills:
 - Level 1.5 Fighting
 + Level 6.9 Ranged Weapons
 - Level 2.4 Dodging
 - Level 1.2 Stealth


You had 2 spell levels left.
You didn't know any spells.
Your spell library was empty.

Inventory:

Hand Weapons
 a - a +0 shortbow (weapon)
Armour
 c - a +0 leather armour (worn)
Jewellery
 h - a ring of fire
Potions
 b - a potion of attraction {unknown}
 f - a potion of resistance {unknown}
 g - a potion of magic {unknown}

Dungeon Overview and Level Annotations

Branches:
Dungeon (2/15)

Altars:


Message History

Enter note:
Enter note:
Enter note:
Enter note:
Enter note:
Enter note:
Enter note: You shoot an arrow.
The arrow hits the orc priest.
The orc priest is moderately wounded.
You shoot an arrow. The arrow hits the orc priest.
The orc priest is heavily wounded.
You shoot an arrow.
The arrow hits the orc priest but does no damage.
The orc priest is heavily wounded.
You shoot an arrow. The arrow hits the orc priest.
The orc priest is severely wounded.
The orc priest hits you with a +0 club.
You shoot an arrow. The arrow hits the orc priest.
The orc priest is severely wounded.
The orc closely misses you. The orc priest barely misses you.
You shoot an arrow.
The arrow hits the orc priest but does no damage.
The orc priest is severely wounded.
The orc completely misses you. The orc priest hits you with a +0 club.
The orc closely misses you.
The orc priest looks satisfied for a moment.
You shoot an arrow.
The arrow hits the orc priest but does no damage.
The orc priest is severely wounded.
The orc priest mumbles some strange prayers to Beogh against you.
Beogh smites you!
Ouch! That really hurt!
The orc hits you with a +0 dagger.
957 ||| READING scroll of teleportation.
As you read the scroll of teleportation, it crumbles to dust.
You feel strangely unstable.
The orc priest mumbles some strange prayers to Beogh against you.
Pain shoots through your body!
Ouch! That really hurt!
You die...

#### ..# #.
##........# #.# #.
....8...8..##.####.
#..........$#.##.%.
..........}#....#.
..........$#.#####
#..8...8. #.#
#oo...... ##.#
#@#########..#
#...........##
#############


You could see an orc priest and an orc.

Vanquished Creatures
  A dart slug (D:1)
  4 endoplasms
  2 giant cockroaches (D:1)
  5 goblins
  A hobgoblin (D:1)
  3 jackals (D:2)
  7 ball pythons
  5 frilled lizards
  4 kobolds
  3 rats (D:1)
35 creatures vanquished.

Notes
Turn   | Place    | Note
-------+----------+-------------------------------------------
     0 | D:1      | qw the Deep Elf Hunter began the quest for the Orb.
     0 | D:1      | Reached XP level 1. HP: 12/12 MP: 3/3
     0 | D:1      | 0 ||| qw: Version: 0.3-a-160-g6735b56
     0 | D:1      | 0 ||| qw: Game counter: 5645
     0 | D:1      | 0 ||| qw: Melee chars always use a shield: true
     0 | D:1      | 0 ||| qw: God list: Okawaru
     0 | D:1      | 0 ||| qw: Allow faded altars: false
     0 | D:1      | 0 ||| qw: Do Orc after clearing Dungeon:15 true
     0 | D:1      | 0 ||| qw: Do second Lair branch before Depths: true
     0 | D:1      | 0 ||| qw: Lair rune preference: random
     0 | D:1      | 0 ||| qw: Goals: Normal
     0 | D:1      | 0 ||| PLANNING D:1-11
    70 | D:1      | Reached XP level 2. HP: 13/16 MP: 4/4
   110 | D:1      | Reached skill level 6 in Ranged Weapons
   239 | D:1      | Found a faded altar of an unknown god.
   473 | D:1      | 473 ||| DROPPING +6 ring of intelligence.
   474 | D:1      | 474 ||| READING 2 scrolls labelled JUTHIFOQUMP.
   477 | D:1      | 477 ||| READING scroll labelled UDETYMM MUWA.
   477 | D:1      | 477 ||| ENCHANTING +0 shortbow.
   478 | D:1      | 478 ||| DRINKING 2 lumpy emerald potions.
   479 | D:1      | 479 ||| DROPPING scroll of butterflies.
   480 | D:1      | 480 ||| DROPPING potion of brilliance.
   507 | D:2      | Reached XP level 3. HP: 15/20 MP: 5/5
   894 | D:2      | 894 ||| READING scroll labelled USHOBI ZUCEZYL.
   931 | D:2      | 931 ||| READING scroll labelled SUPHYA DUOTEL.
   956 | D:2      | HP: 3/20 [orc priest/divine providence (11)]
   957 | D:2      | 957 ||| READING scroll of teleportation.
   957 | D:2      | Killed from afar by an orc priest

Levels and vault maps discovered:
D:1:      dpeg_arrival_more_subterranean_lakeside_camping, layout_rooms,
          chequers_ecumenical_altar_simple
D:2:      cheibrodos_pilgrimage, layout_basic

Skill      XL: |  1  2 |
---------------+-------+-----
Ranged Weapons | 6 |  6.9
Fighting       | |  1.5
Dodging        | |  2.4
Stealth        | |  1.2

Action                     || total
---------------------------++-------
   Fire: Shortbow          ||   119
    Use: Scroll            ||     5
         Potion            ||     1
 Armour: Leather armour    ||    30
  Dodge: Dodged            ||    43

Table legend:
 A = Non-vault XP
 B = Vault XP
 C = Vault XP percentage of total XP
 D = Non-vault monster count
 E = Vault monster count
 F = Vault count percentage of total count
                 A         B        C        D         E       F
            +---------+---------+-------+---------+---------+-------
      Total |      58 |       0 |   0.0 |      35 |       0 |   0.0
            +---------+---------+-------+---------+---------+-------
        D:1 |      40 |       0 |   0.0 |      25 |       0 |   0.0
        D:2 |      18 |       0 |   0.0 |      10 |       0 |   0.0
            +---------+---------+-------+---------+---------+-------
